 Dungeon Crawl Stone Soup version 0.28-b1-25-g9875b3fc8c (webtiles) character file.

Game seed: 15647371672395055791

19439 inmateoo the Basher (level 12, -3/78 HPs)
             Began as a Gargoyle Gladiator on Feb 5, 2022.
             Was an Elder of Okawaru.
             Slain by a boulder beetle (11 damage)
             ... on level 11 of the Dungeon.
             The game lasted 00:24:35 (20431 turns).

inmateoo the Basher (Gargoyle Gladiator)           Turns: 20431, Time: 00:24:35

Health: -3/78      AC: 32    Str: 21    XL:     12   Next: 69%
Magic:  15/15      EV:  9    Int: 11    God:    Okawaru [****..]
Gold:   556        SH:  0    Dex: 11    Spells: 11/11 levels left

rFire   + . .      SeeInvis .   d - +0 morningstar
rCold   . . .      Faith    .   (no shield)
rNeg    + . .      Spirit   .   n - +1 plate armour
rPois   ∞          Reflect  .   m - +2 helmet
rElec   +          Harm     .   y - +0 cloak
rCorr   .          Rampage  .   (no gloves)
Will    .....                   u - +2 pair of boots {Fly}
Stlth   ..........              (no amulet)
HPRegen 0.23/turn               o - ring of protection from fire
MPRegen 0.14/turn               (no ring)

@: flying
A: sickness immunity, AC +8, negative energy resistance 1, electricity
resistance, torment resistance 1, petrification resistance
a: Renounce Religion, Heroism, Finesse


You were on level 11 of the Dungeon.
You worshipped Okawaru.
Okawaru was greatly pleased with you.
You visited 2 branches of the dungeon, and saw 14 of its levels.

You collected 556 gold pieces.

Inventory:

Hand Weapons
 d - a +0 morningstar (weapon)
 p - a +2 whip of freezing
 x - a +0 scimitar of flaming
Armour
 m - a +2 helmet (worn)
 n - a +1 plate armour (worn)
 u - a +2 pair of boots of flying (worn)
 y - a +0 cloak (worn)
Jewellery
 o - a ring of protection from fire (left hand)
 r - a ring of flight
 A - a ring of wizardry
Wands
 t - a wand of digging (5)
Scrolls
 c - a scroll of blinking
 q - 2 scrolls of magic mapping
 z - a scroll of amnesia
 B - a scroll of fear
Potions
 b - 2 potions of brilliance
 f - a potion of mutation
 g - 4 potions of curing
 h - a potion of attraction
 k - 3 potions of lignification
 l - a potion of haste


   Skills:
 + Level 10.4 Fighting
 * Level 13.2 Maces & Flails
 - Level 1.7 Throwing
 - Level 10.0 Armour
 - Level 8.0 Dodging
 + Level 4.2 Invocations


You had 11 spell levels left.
You didn't know any spells.
Your spell library contained the following spells:

 Spells                   Type           Power      Damage    Failure   Level
 Scorch                   Fire           0%         2d5       100%        2
 Portal Projectile        Hex/Tloc       0%         N/A       100%        3
 Stone Arrow              Conj/Erth      0%         3d7       100%        3
 Airstrike                Air            0%         N/A       100%        4
 Flame Wave               Conj/Fire      0%         2d4       100%        4
 Leda's Liquefaction      Hex/Erth       0%         N/A       100%        4
 Lightning Bolt           Conj/Air       0%         1d11      100%        5
 Lehudib's Crystal Spear  Conj/Erth      0%         10d2      100%        8
 Call Canine Familiar     Summ           Unusable   N/A       N/A         3
 Animate Armour           Summ/Erth      Unusable   N/A       N/A         4
 Summon Lightning Spire   Summ/Air       Unusable   N/A       N/A         4
 Summon Cactus Giant      Summ           Unusable   N/A       N/A         6

Dungeon Overview and Level Annotations

Branches:
Dungeon (13/15)            Temple (1/1) D:6             Orc (0/2) D:11
   Lair: D:8-11      Vaults: D:13-14

Altars:
Ashenzari
Cheibriados
Dithmenos
Elyvilon
Fedhas
Gozag
Hepliaklqana
Kikubaaqudgha
Makhleb
Nemelex Xobeh
Okawaru
Qazlal
Ru
Sif Muna
Trog
Uskayaw
Vehumet
Wu Jian
Xom
Yredelemnul
Zin
The Shining One

Shops:
D:11 (

Annotations:
D:2 Sigmund
D:9 Nergalle
D:10 1 runed translucent door, earlgrey's ghost, novice TrHu


Innate Abilities, Weirdness & Mutations

You are immune to sickness and miasma.
Your stone body is resilient. (AC +8)
You are immune to poison.
You resist negative energy. (rN+)
You are resistant to electric shocks. (rElec)
You are resistant to unholy torment.
You are immune to petrification.


Message History

The boulder beetle leaps!
You closely miss the orc.
The orc is lightly wounded.
You impale the orc!!
You kill the orc!
You hit the orc.
The orc is heavily wounded.
The orc closely misses you.
You hit the orc.
You kill the orc!
Okawaru accepts your kill.
You hit the orc.
The orc is moderately wounded.
The orc closely misses you.
You sock the orc!
You kill the orc!
Okawaru accepts your kill.
You hit the boulder beetle but do no damage.
The boulder beetle is heavily wounded.
You barely miss the boulder beetle.
The boulder beetle is heavily wounded.
The boulder beetle bites you but does no damage.
You hit the boulder beetle.
The boulder beetle is heavily wounded.
The boulder beetle bites you!
You sock the boulder beetle!
The boulder beetle is severely wounded.
The boulder beetle bites you but does no damage.
You hit the boulder beetle but do no damage.
The boulder beetle is severely wounded.
The boulder beetle bites you!
* * * LOW HITPOINT WARNING * * *
You barely miss the boulder beetle.
The boulder beetle is severely wounded.
The boulder beetle bites you!
* * * LOW HITPOINT WARNING * * *
You completely miss the boulder beetle.
The boulder beetle is severely wounded.
The boulder beetle bites you!
You die...

#.. #######..
#.......#
###########........
#........)(.....###
#.########..#####
#.# ##.# #.#####
#.# #.@B).# #.#
#.###.......# #.#
.......# #.#
.o.....# #.#
...∩... #.# .......
#.# ...B... #.#
.......


You could see a boulder beetle.

Vanquished Creatures
  A boulder beetle (D:10)
  Erica (D:9)
  A hydra (D:12)
  5 two-headed ogres
  An orc knight (D:10)
  2 cyclopes (D:11)
  A wolf spider (D:12)
  A manticore (D:12)
  A gargoyle (D:6)
  A cane toad (D:10)
  An unseen horror (D:7)
  2 komodo dragons (D:10)
  3 trolls
  2 hornets
  2 slime creatures
  A shadow (D:9)
  2 wyverns (D:9)
  19 yaks
  3 wraiths
  A basilisk (D:7)
  A warg (D:10)
  9 vampire mosquitoes (D:10)
  An acid dragon (D:10)
  6 water moccasins
  9 orc warriors
  2 sky beasts (D:7)
  A necrophage (D:6)
  2 ogres
  6 centaurs
  A phantom (D:5)
  4 kobold brigands
  3 bullfrogs
  A wyvern zombie (D:5)
  3 scorpions
  A killer bee (D:7)
  A wight (D:6)
  9 howler monkeys
  A bullfrog zombie (D:5)
  A centaur zombie (D:9)
  2 jellies
  4 orc priests
  4 hounds
  A bullfrog skeleton (D:5)
  5 centaur skeletons
  A gnoll shaman (D:7)
  3 iguanas
  4 orc wizards
  3 hound zombies (D:5)
  23 gnolls
  A howler monkey skeleton (D:5)
  8 adders
  An ufetubus (D:5)
  An adder skeleton (D:4)
  A worm (D:4)
  A dart slug (D:1)
  41 orcs
  5 bats
  9 endoplasms
  2 giant cockroaches
  6 hobgoblins
  14 jackals
  4 quokkas
  4 ball pythons
  2 frilled lizards (D:2)
  11 goblins
  17 kobolds
  7 rats
298 creatures vanquished.

Vanquished Creatures (others)
  12 plants
12 creatures vanquished.

Grand Total: 310 creatures vanquished

Notes
Turn   | Place    | Note
-------+----------+-------------------------------------------
     0 | D:1      | inmateoo the Gargoyle Gladiator began the quest for the
                  | Orb.
     0 | D:1      | Reached XP level 1. HP: 12/12 MP: 1/1
   102 | D:1      | Found a faded altar of an unknown god.
   294 | D:1      | Reached XP level 2. HP: 8/18 MP: 2/2
   786 | D:1      | Reached skill level 1 in Armour
   830 | D:1      | Reached XP level 3. HP: 22/22 MP: 3/3
  1492 | D:2      | Noticed Sigmund
  1783 | D:2      | Reached XP level 4. HP: 22/27 MP: 4/4
  2040 | D:3      | Reached skill level 4 in Maces & Flails
  2321 | D:4      | Reached XP level 5. HP: 32/32 MP: 5/5
  2613 | D:4      | Found a blossoming altar of Fedhas.
  2665 | D:4      | Reached XP level 6. HP: 31/37 MP: 6/6
  2756 | D:4      | Found a hazy altar of Hepliaklqana.
  2758 | D:4      | Found a broken altar of Ashenzari.
  2762 | D:4      | Found a shadowy altar of Dithmenos.
  2776 | D:4      | Found a shimmering blue altar of Sif Muna.
  2883 | D:4      | Found a glowing silver altar of Zin.
  2883 | D:4      | Noticed an angel
  3228 | D:5      | Entered Level 5 of the Dungeon
  3243 | D:5      | Reached skill level 5 in Maces & Flails
  3669 | D:5      | Reached XP level 7. HP: 38/43 MP: 7/7
  4429 | D:5      | Reached skill level 6 in Maces & Flails
  4798 | D:5      | Reached XP level 8. HP: 27/48 MP: 8/8
  5432 | D:5      | Reached skill level 5 in Fighting
  6270 | D:6      | Noticed a gargoyle
  6495 | D:6      | Reached skill level 7 in Maces & Flails
  6949 | D:5      | Reached skill level 5 in Armour
  6975 | D:5      | Found a bloodstained altar of Trog.
  7360 | D:6      | Killed a gargoyle
  7361 | D:6      | Reached skill level 8 in Maces & Flails
  7361 | D:6      | Reached XP level 9. HP: 37/55 MP: 9/9
  7462 | D:6      | Found a staircase to the Ecumenical Temple.
  7476 | Temple   | Entered the Ecumenical Temple
  7618 | D:7      | Reached skill level 5 in Dodging
  7752 | D:7      | Noticed a troll
  7843 | D:7      | Identified the +2 robe of the Trout {-Tele Will++ Int+4
                  | SInv}
  9124 | D:6      | Reached skill level 9 in Maces & Flails
  9624 | D:7      | a troll changed into an ogre
  9679 | D:7      | Reached XP level 10. HP: 43/63 MP: 10/10
 11676 | D:7      | Reached skill level 10 in Maces & Flails
 11806 | D:7      | Killed an unseen horror
 11986 | D:8      | Noticed a two-headed ogre
 12146 | D:8      | Killed a two-headed ogre
 12438 | D:8      | Found a hide-covered altar of Uskayaw.
 12952 | D:9      | Found a glowing golden altar of the Shining One.
 13138 | D:9      | Noticed Erica
 13238 | D:9      | Found a snail-covered altar of Cheibriados.
 13624 | D:9      | Reached XP level 11. HP: 63/68 MP: 11/11
 13735 | D:9      | Reached skill level 11 in Maces & Flails
 13889 | D:9      | Noticed a two-headed ogre
 13948 | D:10     | Entered Level 10 of the Dungeon
 14016 | D:10     | Noticed Nergalle
 14177 | D:9      | Killed a two-headed ogre
 14347 | D:9      | Killed Erica
 15497 | D:10     | Found a runed translucent door.
 15497 | D:10     | Noticed earlgrey's ghost (novice TrHu)
 15628 | D:10     | Found a stormy altar of Qazlal.
 16077 | D:10     | Found an iron altar of Okawaru.
 16077 | D:10     | Noticed Psyche
 16079 | D:10     | Noticed Psyche
 16079 | D:10     | Psyche changed into Psyche the cane toad
 16101 | D:10     | Killed Psyche the cane toad
 16109 | D:10     | Became a worshipper of Warmaster Okawaru
 16454 | D:11     | Noticed a cyclops
 16466 | D:10     | Reached skill level 12 in Maces & Flails
 16574 | D:11     | Noticed a boulder beetle
 16598 | D:10     | Reached * piety under Okawaru
 16613 | D:10     | Reached skill level 1 in Invocations
 17472 | D:11     | Killed a cyclops
 17472 | D:11     | Reached ** piety under Okawaru
 17605 | D:11     | Noticed a boulder beetle
 17876 | D:11     | Noticed an orc knight
 18004 | D:11     | Identified the +0 scale mail of Twilight {Drain *Slow Fly
                  | Int+8}
 18011 | D:11     | You are sucked into a shaft and drop 1 floor!
 18026 | D:12     | Noticed a two-headed ogre
 18043 | D:12     | Killed a two-headed ogre
 18044 | D:12     | Reached XP level 12. HP: 70/76 MP: 10/13
 18072 | D:12     | Noticed a boulder beetle
 18504 | D:12     | Noticed a two-headed ogre
 18542 | D:12     | Killed a two-headed ogre
 18852 | D:12     | Noticed a two-headed ogre
 18879 | D:12     | Killed a two-headed ogre
 18879 | D:12     | Reached *** piety under Okawaru
 19069 | D:12     | Reached skill level 10 in Fighting
 19130 | D:12     | Noticed a five-headed hydra
 19141 | D:12     | Killed a one-headed hydra
 19383 | D:10     | Killed a boulder beetle
 19384 | D:10     | Reached skill level 13 in Maces & Flails
 19714 | D:10     | Reached **** piety under Okawaru
 20345 | D:11     | Reached skill level 10 in Armour
 20377 | D:11     | Found Iromih's Weapon Emporium.
 20383 | D:11     | Found a staircase to the Orcish Mines.
 20385 | D:11     | Noticed a boulder beetle
 20431 | D:11     | Slain by a boulder beetle

Illustrated notes

Levels and vault maps discovered:
D:1:      saegor_arrival_simple_e, layout_loops_cross,
          ebering_ecumenical_altar_abandoned, minmay_misc_feat_roman, hex_tiny,
          grunt_decor_one_mirror, serial_bayou_lagoon_b
D:2:      layout_rooms, uniq_sigmund, uniq_crazy_yiuf_cottage
D:3:      layout_rooms
D:4:      layout_basic, fedhas_altar_fruit_tree, pf_just_have_faith,
          grunt_temple_overflow_open, zin_angel
D:5:      lemuel_castle_with_subvaults [lemuel_castle_interior_carwin_1],
          layout_gridville, lemuel_coloured_pillars_altar, serial_undead,
          serial_undead_e, serial_undead_f, serial_undead_a, serial_undead_e,
          serial_undead_c
D:6:      layout_loops_ring, minmay_temple_entry_offerings
D:7:      minmay_the_grid_square_5x5_3x3
          [minmay_the_grid_square_5x5_sharp_hourglass,
          minmay_the_grid_square_5x5_fat_x,
          minmay_the_grid_square_5x5_minivault,
          minmay_the_grid_square_5x5_spiral,
          minmay_the_grid_square_5x5_megaprize_checkered,
          minmay_the_grid_square_5x5_two_walls_a,
          minmay_the_grid_square_5x5_misaligned,
          minmay_the_grid_square_5x5_empty, minmay_the_grid_square_5x5_bridge],
          layout_loops_ring, enter_bailey_5
D:8:      layout_cave_pools, nicolae_uskayaw_dance_studio
D:9:      layout_loops_corners, mainiacjoe_overflow_catch_the_wave, uniq_erica
D:10:     layout_loops_ring, okawaru_metal_pillars_1_2,
          nicolae_qazlal_scattered_showers, gammafunk_ghost_grave,
          uniq_nergalle, uniq_psyche
D:11:     layout_rooms, lair_entry_dummy, orc_david_3
D:12:     nzn_winding_woodlands_small [nzn_winding_woodlands_5x15_sawtooth,
          nzn_winding_woodlands_center_pierced_h,
          nzn_winding_woodlands_5x15_default], layout_stronghold,
          amcnicky_mini_pool_small, uniq_erolcha
D:13:     layout_rooms, nicolae_sif_muna_little_library
Temple:   cyrus_temple_forest

Skill      XL: |  1  2  3  4  5  6  7  8  9 10 11 12 |
---------------+-------------------------------------+-----
Armour         | 1 2 3 4 5 6 7 9 10 | 10.0
Fighting       | 3 4 6 7 8 9 10 | 10.4
Maces & Flails | 4 5 6 8 9 10 12 13 | 13.2
Dodging        | 3 4 5 6 7 8 |  8.0
Invocations    | 2 4 |  4.2
Throwing       | |  1.7

Action                   |  1- 3 |  4- 6 |  7- 9 | 10-12 || total
-------------------------+-------+-------+-------+-------++-------
Melee: Flail             |    89 |   147 |   245 |       ||   481
       Punch             |     1 |     2 |    10 |    30 ||    43
       Whip              |       |       |   351 |  1286 ||  1637
       Glaive            |       |       |    19 |       ||    19
       Morningstar       |       |       |       |    17 ||    17
       Scimitar          |       |       |       |     5 ||     5
Throw: Javelin           |     3 |     6 |    20 |    15 ||    44
       Throwing net      |       |       |     6 |       ||     6
Invok: Heroism           |       |       |       |     5 ||     5
Evoke: Wand              |       |       |     5 |    14 ||    19
  Use: Scroll            |     3 |     4 |     3 |    12 ||    22
       Potion            |       |       |     4 |     3 ||     7
 Stab: Held in net/web   |       |       |     2 |       ||     2
       Invisible         |       |       |       |     2 ||     2
Armor: Leather armour    |    32 |    11 |       |       ||    43
       Scale mail        |       |    12 |       |       ||    12
       Plate armour      |       |   125 |   463 |   721 ||  1309
Dodge: Dodged            |    78 |    86 |   227 |   364 ||   755
